 Dungeon Crawl Stone Soup version 0.22-a0-192-g6ffc940c34 (webtiles) character file.

419 Fuhrer the Grave Robber (level 6, -4/49 HPs)
             Began as a Deep Dwarf Necromancer on Feb 16, 2018.
             Slain by a mummy (15 damage)
             ... in an ossuary.
             The game lasted 00:25:44 (3119 turns).

Fuhrer the Grave Robber (Deep Dwarf Necromancer)    Turns: 3119, Time: 00:25:45

Health: -4/49      AC:  6    Str: 14    XL:     6   Next: 62%
Magic:  2/10       EV: 13    Int: 15    God:
Gold:   178        SH:  0    Dex: 13    Spells: 1/11 levels left

rFire    . . .     SeeInvis .   g - +2 dagger (elec)
rCold    . . .     Gourm    .   (no shield)
rNeg     . . .     Faith    .   i - +0 leather armour
rPois    .         Spirit   .   (no helmet)
rElec    .         Reflect  .   (no cloak)
rCorr    .         Harm     .   (no gloves)
MR       .....                  (no boots)
Stlth    ++........             (no amulet)
HPRegen  0.00/turn              k - +3 ring of protection
MPRegen  0.12/turn              (no ring)

@: non-regenerating
A: damage resistance, heal wounds, sense surroundings 1, no regeneration
a: Heal Wounds


You were in an ossuary.
You were not hungry.

You visited 1 branch of the dungeon, and saw 4 of its levels.
You also visited: Ossuary.

You collected 178 gold pieces.

Inventory:

Hand Weapons
 f - a +0 spear
 g - a +2 dagger of electrocution (weapon)
 w - a +0 hand axe
Missiles
 d - 22 poisoned needles
 h - 7 tomahawks (quivered)
Armour
 i - a +0 leather armour (worn)
Jewellery
 k - a +3 ring of protection (left hand)
Wands
 q - a wand of disintegration (15)
Scrolls
 b - a scroll of noise {unknown}
 j - a scroll of identify {unknown}
 l - a scroll of amnesia {unknown}
 m - a scroll of random uselessness {unknown}
 t - 3 scrolls of teleportation {unknown}
 x - a scroll of magic mapping {unknown}
Potions
 a - a potion of magic {unknown}
 e - 2 potions of haste {unknown}
 n - a potion of invisibility {unknown}
 o - 2 potions of heal wounds {unknown}
 p - 3 potions of curing {unknown}
 s - a potion of resistance {unknown}
 u - a potion of lignification {unknown}
 v - a potion of mutation {unknown}
 z - a potion of ambrosia {unknown}
Books
 r - a book of Cantrips

   Spells                             Type                      Level
   a - Confusing Touch                Hexes                        1
   b - Animate Skeleton               Necromancy                   1
   c - Summon Small Mammal            Summoning                    1
   d - Apportation                    Translocation                1
Comestibles
 c - 9 rations


   Skills:
 - Level 4.2 Dodging
 - Level 2.4 Stealth
 - Level 3.3 Spellcasting
 + Level 2.8 Summonings
 - Level 5.8 Necromancy


You had one spell level left.
You knew the following spells:

 Your Spells              Type           Power        Failure   Level  Hunger
a - Pain                  Necr           ###.         2%          1    #......
b - Vampiric Draining     Necr           ###.......   7%          3    ###....
c - Animate Skeleton      Necr           N/A          2%          1    #......
d - Animate Dead          Necr           N/A          22%         4    #####..
e - Summon Small Mammal   Summ           ##..         8%          1    #......


Dungeon Overview and Level Annotations

Branches:
Dungeon (4/15)
 Temple: D:4-7

Altars:
Hepliaklqana
Kikubaaqudgha
Qazlal


Innate Abilities, Weirdness & Mutations

You are resistant to damage.
You can heal yourself by infusing magical energy.
You passively map a small area around you.
You do not regenerate.


Message History

You barely miss the mummy.
The mummy is moderately damaged.
Your bat hits the mummy but does no damage.
Your rat bites the mummy.
Your rat completely misses the mummy.
Your rat bites the mummy but does no damage.
The mummy completely misses you. The mummy barely misses you.
The mummy hits you.
You hit the mummy.
The mummy is severely damaged.
Your bat hits the mummy but does no damage.
Your rat bites the mummy but does no damage. x2
Your rat bites the mummy.
You hit the mummy.
The mummy is almost destroyed.
Your bat closely misses the mummy.
Your rat bites the mummy but does no damage.
Your rat closely misses the mummy. x2; The mummy hits you.
The mummy hits you!
* * * LOW HITPOINT WARNING * * *
The mummy hits you!
You die...

* * , ,#########
#+#+#.......###
,,..............##
.......^^......# ,
......^rMb.....# ,
, ....^.^@M......#
.......rM.....## *
#+#+#...r...### *
,######### * ** *


You could see 3 mummies, a friendly bat and 3 friendly rats.

Vanquished Creatures
  A scorpion (D:4)
  A hound (D:4)
  An orc priest (D:3)
  4 orc wizards
  An iguana (D:4)
  A hound skeleton (D:4)
  7 adders
  An ooze (D:2)
  An adder skeleton (D:4)
  4 worms (D:2)
  4 dart slugs
  3 leopard geckos
  10 orcs
  7 bats
  2 goblins (D:1)
  3 hobgoblins
  3 jackals (D:3)
  8 kobolds
  A quokka (D:2)
  A ball python (D:4)
  6 frilled lizards
  5 rats
75 creatures vanquished.

Vanquished Creatures (collateral kills)
  An adder (D:3)
  An orc (D:3)
  2 goblins
  A bat (D:2)
  3 kobolds
  2 rats
10 creatures vanquished.

Grand Total: 85 creatures vanquished

Notes
Turn   | Place    | Note
-------+----------+-------------------------------------------
     0 | D:1      | Fuhrer the Deep Dwarf Necromancer began the quest for the Orb.
     0 | D:1      | Reached XP level 1. HP: 15/15 MP: 3/3
   281 | D:1      | Reached XP level 2. HP: 19/22 MP: 3/5
   799 | D:2      | Reached XP level 3. HP: 24/28 MP: 1/6
   894 | D:2      | Learned a level 3 spell: Vampiric Draining
   896 | D:2      | Learned a level 1 spell: Animate Skeleton
  1028 | D:2      | Reached skill level 5 in Necromancy
  1257 | D:2      | Reached XP level 4. HP: 28/36 MP: 5/7
  1861 | D:3      | Reached XP level 5. HP: 26/42 MP: 0/9
  2055 | D:3      | Learned a level 4 spell: Animate Dead
  2377 | D:3      | Found an ancient bone altar of Kikubaaqudgha.
  2700 | D:4      | Learned a level 1 spell: Summon Small Mammal
  2703 | D:4      | Found a hazy altar of Hepliaklqana.
  2712 | D:4      | Reached XP level 6. HP: 44/49 MP: 10/10
  2820 | D:4      | Reached skill level 1 in Summonings
  2874 | D:4      | Found a sand-covered staircase.
  3054 | D:4      | Found a stormy altar of Qazlal.
  3096 | Ossuary  | Entered an ossuary
  3119 | Ossuary  | Slain by a mummy

Vault maps used:
D:1:      minmay_arrival_four_loops
D:2:      first_ration
D:3:      kiku_gazebo_garden_becter
D:4:      overflow_temple_1_default, overflow_temple_1_default,
          nicolae_ossuary_entry_plus
Ossuary:  ossuary_the_hunt_dpeg

Skill      XL: |  1  2  3  4  5  6 |
---------------+-------------------+-----
Spellcasting   | 2 3 |  3.3
Dodging        | 3 4 |  4.2
Necromancy     | 5 |  5.8
Summonings     | 2 |  2.8
Stealth        | |  2.4

Action                   |  1- 3 |  4- 6 || total
-------------------------+-------+-------++-------
Melee: Dagger            |    13 |    22 ||    35
       Spear             |     3 |    75 ||    78
Throw: Tomahawk          |     8 |     6 ||    14
 Cast: Pain              |    46 |    51 ||    97
       Animate Skeleton  |     4 |    17 ||    21
       Vampiric Draining |     3 |    16 ||    19
       Animate Dead      |       |     1 ||     1
       Summon Small Mamm |       |    10 ||    10
 Stab: Sleeping          |     2 |       ||     2
  Eat: Chunk             |     2 |     8 ||    10
Armor: Robe              |     2 |     6 ||     8
       Leather armour    |       |    15 ||    15
Dodge: Dodged            |     7 |    62 ||    69

Table legend:
 A = Spawn XP
 B = Non-spawn XP
 C = Spawn XP percentage of total XP
 D = Spawn monster count
 E = Non-spawn monster count
 F = Spawn count percentage of total count
 G = Total turns spent on level
                    A         B        C        D         E        F      G
               +---------+---------+-------+---------+---------+-------+---------
         Total |       0 |     599 |   0.0 |       0 |      85 |   0.0 |  3119
               +---------+---------+-------+---------+---------+-------+---------
           D:1 |       0 |      32 |   0.0 |       0 |      17 |   0.0 |   836
           D:2 |       0 |     102 |   0.0 |       0 |      25 |   0.0 |  1093
           D:3 |       0 |     235 |   0.0 |       0 |      32 |   0.0 |   768
           D:4 |       0 |     230 |   0.0 |       0 |      11 |   0.0 |   399
               +---------+---------+-------+---------+---------+-------+---------
